 Dungeon Crawl Stone Soup version 0.21-a0-440-g28109cb (webtiles) character file.

532 Ijustatesigmund the Skirmisher (level 7, -1/49 HPs)
             Began as an Octopode Artificer on Nov 10, 2017.
             Slain by Grinder (6 damage)
             ... while paralysed by Grinder
             ... on level 4 of the Dungeon.
             The game lasted 00:09:57 (3518 turns).

Ijustatesigmund the Skirmisher (Octopode Artificer) Turns: 3518, Time: 00:09:58

Health: -1/49      AC:  1    Str: 12    XL:     7   Next: 24%
Magic:  9/9        EV:  2    Int: 13    God:
Gold:   121        SH:  0    Dex: 14    Spells: 6/6 levels left

rFire    . . .     SeeInvis +   a - +4 spear
rCold    . . .     Gourm    .   (no shield)
rNeg     . . .     Faith    .   (helmet restricted)
rPois    .         Spirit   .   q - amulet of regeneration
rElec    .         Reflect  .   j - ring of see invisible
rCorr    .         Harm     .   (no ring)
MR       .....     Rnd*Rage +   (no ring)
Stlth    ++++......             (no ring)
HPRegen  0.56/turn              (no ring)
MPRegen  0.11/turn              (no ring)
                                (no ring)
                                (no ring)

@: paralysed
A: almost no armour, stealthy swim, amphibious, 8 rings, constrict 8, tentacle
spike 1, camouflage 1, berserk 1, gelatinous body 1, no potion heal 1,
MP-powered wands
a: no special abilities


You were on level 4 of the Dungeon.
You were not hungry.

You visited 1 branch of the dungeon, and saw 4 of its levels.

You collected 121 gold pieces.

Inventory:

Hand Weapons
 a - a +4 spear (weapon)
Missiles
 r - a throwing net (quivered)
Jewellery
 g - an uncursed ring of fire
 j - a ring of see invisible (left tentacle)
 q - an amulet of regeneration (around mantle)
Wands
 b - a wand of flame (15/48)
 c - a wand of enslavement (24/24)
 d - a wand of random effects (15/48)
Scrolls
 m - 3 scrolls of teleportation
 n - a scroll of enchant armour
 o - a scroll of magic mapping
 t - a scroll of identify
Potions
 e - a potion of might
 h - a potion of magic
 k - 3 potions of heal wounds
 l - a potion of degeneration {unknown}
Comestibles
 f - 4 bread rations
 i - 2 meat rations
 p - 4 chunks of flesh
 s - a royal jelly


   Skills:
 + Level 4.8 Fighting
   Level 1.0 Short Blades
 + Level 4.2 Polearms
 + Level 2.6 Dodging
 - Level 4.2 Stealth
 - Level 3.2 Evocations


You had 6 spell levels left.
You didn't know any spells.

Dungeon Overview and Level Annotations

Branches:
Dungeon (4/15)
 Temple: D:4-7

Altars:
Dithmenos
Vehumet

Annotations:
D:4 Grinder


Innate Abilities, Weirdness & Mutations

You cannot wear most types of armour.
You are very stealthy in the water. (Stealth+)
You are amphibious.
You can wear up to eight rings at the same time.
You can use your tentacles to constrict eight enemies at once.
Your skin changes colour to match your surroundings (Stealth+).
Your rubbery body absorbs attacks. (AC +1, EV +1)
One of your tentacles bears a spike.
You tend to lose your temper in combat.
Potions are less effective at restoring your health.
You expend magic power (3 MP) to strengthen your wands.


Message History

Grinder blinks!
Attack whom?
Press: ? - help, Dir - move target cursor, f/p - Grinder
Aim: Grinder (heavily wounded)
You reach to attack!
You hit Grinder.
Grinder is severely wounded.
You hit Grinder. You grab Grinder.
You pierce Grinder.
Grinder is almost dead.
You constrict Grinder. Grinder gestures at you.
You suddenly lose the ability to move!
You lose your grip on Grinder.
Grinder hits you.
You writhe in agony.
Grinder hits you!
* * * LOW HITPOINT WARNING * * *
You writhe in agony.
* * * LOW HITPOINT WARNING * * *
Grinder hits you.
* * * LOW HITPOINT WARNING * * *
You writhe in agony.
You die...

#..####...
##########..##.....
#.......##.........
####. #....###..>.....
.... #..............
#..###..##.)........ #
#..#..###..........
....##..5..##...#.......
.......@................
..##.$.......##.........
##..._?..####........
#.........##.........
......................
...##.....##...##......
##.# #..#..# #..###.....
#. #..###.. .........#
.... #.. #####....


You could see Grinder.

Vanquished Creatures
  Edmund (D:4)
  Menkaure (D:4)
  A hound (D:4)
  An orc wizard (D:3)
  2 worker ants (D:4)
  3 gnolls
  4 adders (D:2)
  5 oozes
  An adder skeleton (D:4)
  3 worms (D:2)
  2 dart slugs
  6 leopard geckos
  5 orcs
  A ball python (D:3)
  8 bats
  2 giant cockroaches (D:1)
  8 goblins
  11 hobgoblins
  8 jackals
  8 kobolds
  3 quokkas
  2 frilled lizards
  8 rats
94 creatures vanquished.

Vanquished Creatures (collateral kills)
  A bat (D:3)
  A jackal (D:3)
  A frilled lizard (D:3)
3 creatures vanquished.

Grand Total: 97 creatures vanquished

Notes
Turn   | Place    | Note
-------+----------+-------------------------------------------
     0 | D:1      | Ijustatesigmund the Octopode Artificer began the quest for the Orb.
     0 | D:1      | Reached XP level 1. HP: 13/13 MP: 3/3
   192 | D:1      | Reached XP level 2. HP: 19/19 MP: 4/4
   278 | D:1      | Reached skill level 1 in Polearms
   355 | D:1      | Reached XP level 3. HP: 20/25 MP: 5/5
   603 | D:1      | Gained mutation: You tend to lose your temper in combat. [potion of mutation]
   603 | D:1      | Gained mutation: Potions are less effective at restoring your health. [potion of mutation]
   603 | D:1      | Gained mutation: You expend magic power (3 MP) to strengthen your wands. [potion of mutation]
   603 | D:1      | Gained mutation: One of your tentacles bears a spike. [potion of mutation]
   749 | D:2      | Reached XP level 4. HP: 7/31 MP: 6/6
  1104 | D:2      | Found a faded altar of an unknown god.
  1351 | D:2      | Reached XP level 5. HP: 23/36 MP: 7/7
  1691 | D:2      | Found a radiant altar of Vehumet.
  2743 | D:3      | Noticed a centaur
  3115 | D:4      | Reached XP level 6. HP: 39/43 MP: 8/8
  3157 | D:4      | Noticed Menkaure
  3168 | D:4      | Killed Menkaure
  3436 | D:4      | Noticed Edmund
  3444 | D:4      | Killed Edmund
  3444 | D:4      | Reached XP level 7. HP: 49/49 MP: 9/9
  3445 | D:4      | Found a shadowy altar of Dithmenos.
  3504 | D:4      | Noticed Grinder
  3515 | D:4      | Paralysed by Grinder for 3 turns
  3518 | D:4      | Slain by Grinder

Vault maps used:
D:1:      dpeg_arrival_chambers_temple_mockup
D:2:      nicolae_overflow_hidden_temple, chequers_ecumenical_altar_simple
D:4:      nicolae_dithmenos_shadow_blocks, uniq_grinder,
          uniq_crazy_yiuf_cottage, uniq_edmund, uniq_menkaure

Skill      XL: |  1  2  3  4  5  6 |
---------------+-------------------+-----
Fighting       | 2 3 4 |  4.8
Polearms       | 1 2 3 4 |  4.2
Stealth        | 3 4 |  4.2
Short Blades   | |  1.0
Dodging        | |  2.6
Evocations     | |  3.2

Action                   |  1- 3 |  4- 6 |  7- 9 || total
-------------------------+-------+-------+-------++-------
Melee: Short sword       |     3 |       |       ||     3
       Spear             |    66 |   124 |     8 ||   198
       Tentacles         |     9 |    12 |     2 ||    23
       Constrict         |    14 |    31 |     1 ||    46
       Kick              |     1 |    30 |     3 ||    34
Evoke: Wand              |       |     4 |       ||     4
  Use: Potion            |     3 |       |       ||     3
       Scroll            |     2 |    10 |       ||    12
 Stab: Sleeping          |     7 |    11 |       ||    18
       Distracted        |       |     2 |       ||     2
  Eat: Chunk             |       |     6 |       ||     6
       Royal jelly       |       |     1 |       ||     1
Armor: Skin              |     3 |     2 |       ||     5
Dodge: Dodged            |    22 |    56 |     1 ||    79

Table legend:
 A = Spawn XP
 B = Non-spawn XP
 C = Spawn XP percentage of total XP
 D = Spawn monster count
 E = Non-spawn monster count
 F = Spawn count percentage of total count
 G = Total turns spent on level
                    A         B        C        D         E        F      G
               +---------+---------+-------+---------+---------+-------+---------
         Total |       0 |     761 |   0.0 |       0 |      97 |   0.0 |  3518
               +---------+---------+-------+---------+---------+-------+---------
           D:1 |       0 |      61 |   0.0 |       0 |      32 |   0.0 |   630
           D:2 |       0 |     114 |   0.0 |       0 |      29 |   0.0 |  1264
           D:3 |       0 |     122 |   0.0 |       0 |      22 |   0.0 |  1275
           D:4 |       0 |     464 |   0.0 |       0 |      14 |   0.0 |   349
               +---------+---------+-------+---------+---------+-------+---------
